 Dungeon Crawl Stone Soup version bcrawl-1.41 (webtiles) character file.

Game seed: 5068114877787280402

194960 Revguard the Slasher (level 7, 0/54 HPs)
             Began as a Demonspawn Gladiator on Dec 30, 2020.
             Was a Priest of Lugonu.
             Slain by a sky beast (4 damage)
             ... on level 5 of the Dungeon on Apr 10, 2024.
             The game lasted 00:13:14 (4747 turns).

Revguard the Slasher (Demonspawn Gladiator)         Turns: 4747, Time: 00:13:14

Health: 0/54       AC:  5    Str: 15    XL:     7   Next: 55%
Magic:  10/10      EV: 12    Int:  9    God:    Lugonu [***...]
Gold:   220        SH:  1    Dex: 16    Spells: 6/6 levels left

rFire    . . .     GDR:     30% a - +1 long sword
rCold    . . .     SeeInvis .   (no shield)
rNeg     . . .     Gourm    .   f - +0 ring mail
rPois    .         Faith    .   (helmet restricted)
rElec    .         Spirit   .   (no cloak)
rCorr    .         Reflect  .   (no gloves)
MR       .....                  (no boots)
Stlth    +.........             (no amulet)
HPRegen  0.19/turn              (no ring)
MPRegen  0.12/turn              (no ring)

@: very slow
A: antennae 2, hooves 1, demonic guardian 1
a: Depart the Abyss, Bend Space, Banish, Renounce Religion


You were on level 5 of the Dungeon.
You worshipped Lugonu.
Lugonu was most pleased with you.
You were not hungry.

You visited 1 branch of the dungeon, and saw 5 of its levels.

You collected 220 gold pieces.

Inventory:

Hand Weapons
 a - a +1 long sword (weapon)
Missiles
 d - 3 throwing nets {=f}
Armour
 f - a +0 ring mail (worn)
Wands
 n - a wand of charming (3)
Scrolls
 b - a scroll of remove curse
 g - 5 scrolls of teleportation
 h - 3 scrolls of identify
 j - 2 scrolls of revelation
 m - a scroll of enchant weapon
 o - a scroll of blinking {unknown}
Potions
 c - a potion of flight
 i - a potion of curing
 k - a potion of heal wounds
 l - a potion of might {unknown}
Comestibles
 e - 8 rations {!d}


   Skills:
 + Level 4.2 Fighting
 + Level 5.0 Long Blades
 + Level 1.9 Throwing
 + Level 3.2 Armour
 + Level 3.3 Dodging
 + Level 0.7 Stealth
 * Level 3.9 Invocations
 * Level 2.4 Evocations


You had 6 spell levels left.
You didn't know any spells.
Your spell library was empty.

Dungeon Overview and Level Annotations

Branches:
Dungeon (5/12)
 Temple: D:4-7

Altars:
Kikubaaqudgha
Lugonu
Ru
Vehumet
Wu Jian


Innate Abilities, Weirdness & Mutations

You have a pair of antennae on your head.
You have large cloven feet.
A weak demonic guardian rushes to your aid.


Message History

A sky beast appears from thin air!
Reactivating autopickup.
The sky beast hits you but does no damage.
The sky beast barely misses you.
The sky beast flickers out of sight!
Deactivating autopickup; reactivate with Ctrl-A.
Something hits you. Something shocks you. Something hits you.
Something shocks you. Something hits you but does no damage.
Something hits you. Something shocks you. Something hits you.
Something shocks you.
* * * LOW HITPOINT WARNING * * *
A sky beast appears from thin air!
Reactivating autopickup.
The sky beast hits you.
* * * LOW HITPOINT WARNING * * *
The sky beast shocks you.
* * * LOW HITPOINT WARNING * * *
The sky beast hits you.
You die...

{ #.# ###.# #...#
#.....#..## #
#P≈.≈P#..#### #≈
{{#.P.P.#....>#
#≈{ #[≈?$$#...#.#
#≈######≈{≈≈≈#..##
.#
#...Y@##;;≈##..#
.#
######5#####...# #
##≈≈..'...#
######...# ##....#
..##.# #.# .# #.#
# .(.


You could see a sky beast and a friendly white imp.

Vanquished Creatures
  A sky beast (D:4)
  A phantom (D:4)
  An ogre (D:4)
  The ghost of dcsswall the Magician, a weakling OpWz of Nemelex Xobeh (D:3)
  A hound (D:4)
  Jessica (D:2)
  2 worker ants (D:4)
  3 orc wizards
  2 hound skeletons (D:4)
  4 adders
  A shadow imp (D:3)
  2 oozes (D:1)
  2 worms (D:2)
  5 leopard geckos
  12 orcs
  A giant cockroach (D:2)
  11 hobgoblins
  2 jackals (D:3)
  11 kobolds
  2 quokkas
  A ball python (D:2)
  7 bats
  8 frilled lizards
  7 goblins
  3 rats (D:1)
92 creatures vanquished.

Vanquished Creatures (collateral kills)
  An ice beast (D:5)
  A water moccasin zombie (D:3)
  A centaur zombie (D:3)
  A hound (D:5)
  A worker ant (D:3)
  A killer bee zombie (D:3)
  2 orcs
8 creatures vanquished.

Grand Total: 100 creatures vanquished

Notes
Turn   | Place    | Note
-------+----------+-------------------------------------------
     0 | D:1      | Revguard the Demonspawn Gladiator began the quest for the
                  | Orb.
     0 | D:1      | Reached XP level 1. HP: 18/18 MP: 1/1
    30 | D:1      | Reached skill level 3 in Long Blades
    30 | D:1      | Gained mutation: You have a pair of small antennae on your
                  | head. [demonic ancestry]
    30 | D:1      | Reached XP level 2. HP: 11/24 MP: 2/2
   967 | D:1      | Reached XP level 3. HP: 29/29 MP: 3/3
  1093 | D:2      | Found a corrupted altar of Lugonu.
  1105 | D:2      | Became a worshipper of Lugonu the Unformed
  1319 | D:2      | Noticed Jessica
  1327 | D:2      | Killed Jessica
  1328 | D:2      | Reached skill level 1 in Invocations
  1328 | D:2      | Reached XP level 4. HP: 16/35 MP: 4/4
  1453 | D:2      | Reached skill level 1 in Armour
  1740 | D:2      | Found a radiant altar of Vehumet.
  2417 | D:3      | Found a transporter.
  2451 | D:3      | Noticed dcsswall's ghost (weakling OpWz)
  2478 | D:3      | Reached ** piety under Lugonu
  2491 | D:3      | Found a sacrificial altar of Ru.
  2491 | D:3      | Found an ornate altar of the Wu Jian Council.
  2492 | D:3      | Found an ancient bone altar of Kikubaaqudgha.
  2551 | D:3      | Gained mutation: A weak demonic guardian rushes to your
                  | aid. [demonic ancestry]
  2551 | D:3      | Reached XP level 5. HP: 11/41 MP: 6/6
  2704 | D:3      | Found a transporter.
  2886 | D:3      | Reached skill level 4 in Long Blades
  3132 | D:3      | Killed dcsswall's ghost
  3167 | D:3      | Reached skill level 1 in Evocations
  3167 | D:3      | Gained mutation: You have large cloven feet. [demonic
                  | ancestry]
  3167 | D:3      | Reached XP level 6. HP: 23/48 MP: 6/8
  3523 | D:4      | Noticed a sky beast
  3551 | D:4      | Killed a sky beast
  3552 | D:4      | Gained mutation: You have a pair of antennae on your head.
                  | [demonic ancestry]
  3552 | D:4      | Reached XP level 7. HP: 22/54 MP: 9/9
  4054 | D:4      | Found a glowing golden altar of the Shining One.
  4261 | D:4      | Upgraded the game from bcrawl-1.28.1b to bcrawl-1.36.1
  4382 | D:5      | Entered Level 5 of the Dungeon
  4385 | D:4      | Upgraded the game from bcrawl-1.36.1 to bcrawl-1.41
  4588 | D:5      | Reached *** piety under Lugonu
  4610 | D:5      | Reached skill level 5 in Long Blades
  4747 | D:5      | Slain by a sky beast

Skill      XL: |  1  2  3  4  5  6  7 |
---------------+----------------------+-----
Long Blades    | 3 4 5 |  5.0
Invocations    | 1 2 3 |  3.9
Armour         | 1 2 3 |  3.2
Dodging        | 3 |  3.3
Evocations     | 1 2 |  2.4
Fighting       | 4 |  4.2
Throwing       | |  1.9
Stealth        | |  0.7

Action                   |  1- 3 |  4- 6 |  7- 9 || total
-------------------------+-------+-------+-------++-------
Melee: Long sword        |   100 |   254 |    24 ||   378
       Kick              |       |    16 |     5 ||    21
Invok: Bend Space        |       |     1 |       ||     1
Evoke: Wand              |       |       |     3 ||     3
  Use: Scroll            |     3 |     3 |     1 ||     7
       Potion            |     3 |     2 |       ||     5
 Stab: Distracted        |       |     1 |       ||     1
  Eat: Chunk             |     4 |    14 |     3 ||    21
       Ration            |       |       |     1 ||     1
Armor: Leather armour    |    30 |       |       ||    30
       Ring mail         |     6 |    84 |    28 ||   118
Dodge: Dodged            |    84 |   139 |    55 ||   278
Block: Other             |     1 |    10 |     3 ||    14
